 Dungeon Crawl Stone Soup version 0.14.2 (webtiles) character file.

389 fredomojojo the Ruinous (level 6, -1/42 HPs)
             Began as a Human Conjurer on Oct 28, 2015.
             Slain by a green rat (8 damage)
             ... on Level 4 of the Dungeon.
             The game lasted 00:55:50 (2889 turns).

fredomojojo the Ruinous (Human Conjurer)            Turns: 2889, Time: 00:55:50

HP  -1/42        AC  3     Str  9      XL: 6   Next: 25%
MP   0/11        EV 13     Int 17      God:
Gold 156         SH  0     Dex 13      Spells:  2 memorised,  7 levels left

rFire  . . .     SeeInvis .     b - staff of death
rCold  . . .     Clarity  .     a - +0 robe
rNeg   + . .     Conserve .     (no shield)
rPois  .         rCorr    .     (no helmet)
rElec  .         rRot     .     (no cloak)
SustAb . .       Spirit   +     (no gloves)
rMut   .         Warding  .     (no boots)
Saprov . . .     Stasis   .     z - amulet of guardian spirit
MR     .....                    (no ring)
                                y - +1 ring of protection

@: not resistant to hostile enchantments, unstealthy
A: no striking features
a: no special abilities


You were on level 4 of the Dungeon.
You were not hungry.

You visited 1 branch of the dungeon, and saw 4 of its levels.

You collected 156 gold pieces.

Inventory:

Hand weapons
 f - a +0,+0 dagger
 l - a +0,+0 dagger
 m - a +0,+0 short sword
 t - a +0,+0 club
Missiles
 h - 21 arrows
 j - 19 steel darts
 k - 15 stones
 o - 43 darts (quivered)
 q - 16 sling bullets of frost
Armour
 a - a +0 robe (worn)
Magical devices
 u - a wand of draining (1)
Comestibles
 g - 3 meat rations
Scrolls
 d - a scroll of immolation {unknown}
 e - 3 scrolls of remove curse
 i - 2 scrolls of recharging
 p - a scroll of fog
 r - a scroll of random uselessness
 s - a scroll of fear
 v - a scroll of amnesia
 w - 2 scrolls of teleportation {unknown}
 A - a scroll of blinking {unknown}
Jewellery
 y - a +1 ring of protection (left hand)
 z - an amulet of guardian spirit (around neck)
Potions
 n - 2 potions of flight {unknown}
 x - a potion of restore abilities {unknown}
Books
 c - a book of Conjurations

   Spells                             Type                      Level
   *Magic Dart                        Conjuration                  1
   *Searing Ray                       Conjuration                  2
   Dazzling Spray                     Conjuration/Hexes            3
   Fulminant Prism                    Conjuration/Hexes            4
   Iskenderun's Mystic Blast          Conjuration                  4
   Iskenderun's Battlesphere          Conjuration/Charms           5
Magical staves
 b - an uncursed staff of death (weapon)


   Skills:
 + Level 0.6 Fighting
 + Level 0.8 Short Blades
 + Level 0.8 Throwing
 + Level 3.8 Dodging
 + Level 2.5 Stealth
 + Level 2.7 Spellcasting
 + Level 5.2 Conjurations
 + Level 0.2 Evocations


You had 7 spell levels left.
You knew the following spells:

 Your Spells              Type           Power        Failure   Level  Hunger
a - Magic Dart            Conj           ###.         2%          1    #......
b - Searing Ray           Conj           ###...       3%          2    ##.....


Dungeon Overview and Level Annotations

Branches:
Dungeon (4/15)
 Temple: D:4-7

Altars:
Xom

Portals:
Sewer: D:4


Message History

You see here a giant mite corpse.
You enter the shallow water.
Moving in this stuff is going to be slow.
You feel sick.
A green rat comes into view.
The green rat closely misses you.
Found a glowing drain.
Zapping:
u - a wand of draining {zapped: 3}
Press: ? - help, Shift-Dir - straight line, f - green rat
Aim: a green rat The bolt of negative energy misses the green rat.
The green rat barely misses you.
Your unstable footing causes you to fumble your attack.
The green rat bites you.
* * * LOW HITPOINT WARNING * * *
Your unstable footing causes you to fumble your attack.
You feel sick.
You are no longer poisoned.
The green rat bites you!
You die...

........ #.#...###
.......# ##########
#.#...#.######≈≈.≈≈≈.≈##
.......#.....########≈#
###.....#.#####≈≈≈.≈##≈#
..........####%#####≈#≈#
###.##.......#≈##r∩#≈#≈#
.....'.......#.#@###.#≈#
###.##.......#≈##≈≈%≈#.#
....##.......#≈#######≈#
######.......##≈≈≈≈≈≈.##
#.......##########
#......(# #.......#
########


You could see a green rat.

Vanquished Creatures
  A scorpion (D:4)
  A worker ant (D:4)
  A hound (D:4)
  2 adders (D:2)
  4 giant mites (D:4)
  2 worms
  5 giant geckos
  2 orcs
  10 bats
  2 giant cockroaches
  13 goblins
  3 hobgoblins
  4 jackals
  8 kobolds
  2 quokkas
  A giant newt (D:3)
  9 rats
70 creatures vanquished.

Vanquished Creatures (others)
  An adder (D:2)
1 creature vanquished.

Grand Total: 71 creatures vanquished

Notes
Turn   | Place    | Note
--------------------------------------------------------------
     0 | D:1      | fredomojojo, the Human Conjurer, began the quest for the Orb.
     0 | D:1      | Reached XP level 1. HP: 13/13 MP: 3/3
   142 | D:1      | Reached XP level 2. HP: 17/19 MP: 0/4
   195 | D:1      | Learned a level 2 spell: Searing Ray
   473 | D:1      | Reached XP level 3. HP: 22/24 MP: 4/6
  1056 | D:2      | Reached XP level 4. HP: 23/30 MP: 0/7
  1581 | D:3      | Found a shimmering altar of Xom.
  1583 | D:3      | Found a shimmering altar of Xom.
  1583 | D:3      | Found a shimmering altar of Xom.
  1584 | D:3      | Found a shimmering altar of Xom.
  1584 | D:3      | Found a shimmering altar of Xom.
  2251 | D:4      | Reached XP level 5. HP: 20/36 MP: 7/9
  2294 | D:4      | Reached skill level 5 in Conjurations
  2554 | D:4      | Reached XP level 6. HP: 16/42 MP: 1/11
  2886 | D:4      | Found a glowing drain.
  2889 | D:4      | Slain by a green rat

Action                   |  1- 3 |  4- 6 || total
-------------------------+-------+-------++-------
Melee: Unarmed           |     5 |       ||     5
       Dagger            |    45 |    31 ||    76
       Staff             |       |    48 ||    48
Throw: Dart              |    15 |     5 ||    20
 Cast: Magic Dart        |    56 |    72 ||   128
       Searing Ray       |     1 |     7 ||     8
Evoke: Wand              |       |     4 ||     4
  Use: Potion            |     2 |     2 ||     4
       Scroll            |     2 |     3 ||     5
 Stab: Sleeping          |       |     2 ||     2
